 Dungeon Crawl Stone Soup version 0.31.0-32-g396128a36d (webtiles) character file.

Game seed: 2744169816854352214

30 Dadi the Trooper (level 3, 30/30 HPs)
             Began as a Demonspawn Berserker on Mar 28, 2024.
             Was a Follower of Trog.
             Got out of the dungeon alive.
             The game lasted 00:00:51 (1023 turns).

Dadi the Trooper (Demonspawn Berserker)             Turns: 1023, Time: 00:00:51

Health: 30/30      AC:  4    Str: 19    XL:     3   Next: 5%
Magic:  3/3        EV: 12    Int:  7    God:    Trog [*.....]
Gold:   81         SH:  0    Dex: 12    Spells: 2/2 levels left

rFire   . . .        a - +0 mace
rCold   . . .        (no shield)
rNeg    . . .        b - +0 animal skin
rPois   .            (no helmet)
rElec   .            (no cloak)
rCorr   .            (no gloves)
SInv    .            (no boots)
Will    .....        (no amulet)
Stlth   +            (no ring)
HPRegen 0.25/turn    (no ring)
MPRegen 0.16/turn

%: no passive effects
@: no status effects
A: yellow scales 1, magic regeneration
a: Renounce Religion, Berserk


You escaped.
You worshipped Trog.
Trog was aware of your devotion.
You visited 1 branch of the dungeon, and saw 2 of its levels.

You collected 81 gold pieces.

Inventory:

Hand Weapons
 a - a +0 mace (weapon)
Armour
 b - a +0 animal skin (worn)
Scrolls
 c - a scroll of identify {unknown}
 f - 2 scrolls of enchant weapon {unknown}
 h - a scroll of teleportation {unknown}
 i - a scroll of immolation {unknown}
Potions
 d - a potion of attraction {unknown}
 e - a potion of might {unknown}
 g - 2 potions of lignification {unknown}


   Skills:
 * Level 4.2 Fighting
 - Level 2.6 Maces & Flails
 - Level 1.7 Armour
 - Level 1.7 Dodging


You had 2 spell levels left.
You didn't know any spells.
Your spell library was empty.

Dungeon Overview and Level Annotations

Branches:
Dungeon (2/15)

Altars:


Innate Abilities, Weirdness & Mutations

You are partially covered in yellow scales. (AC +2)
You regenerate magic rapidly.


Message History

You closely miss the hobgoblin. The hobgoblin barely misses you.
The hobgoblin hits you.
You hit the hobgoblin.
The hobgoblin is moderately wounded.
The hobgoblin hits you but does no damage.
You closely miss the hobgoblin.
The hobgoblin is moderately wounded.
The hobgoblin hits you but does no damage.
You hit the hobgoblin but do no damage.
The hobgoblin is moderately wounded.
The hobgoblin misses you. The hobgoblin closely misses you.
You hit the hobgoblin.
The hobgoblin is almost dead.
The hobgoblin hits you but does no damage.
You hit the hobgoblin but do no damage. You punch the hobgoblin.
You kill the hobgoblin!
Trog accepts your kill. The ball python bites you.
The ball python barely misses you.
You sock the ball python!
You kill the ball python!
Trog accepts your kill.
No target in view!
No target in view!
No target in view!
No target in view!
No target in view!
No target in view!
No target in view!
No target in view!
No target in view!
No target in view!
No target in view!
No target in view!
There is an open door here.
There is a stone staircase leading up here.
You climb upwards.
There is a stone staircase leading down here.
There is a shaft here.
There is a staircase leading out of the dungeon here.
You have escaped! #......# #.# #.####.########## #.# #...#...........# #.# ###....##....##.######.## ##8.8###8.8##.#........ ##.#####.###...####### #.#.#.#^# ##.## PP..P

#.......#
#.# #.P.#
#...@...#
#.# #####
#.......#
#.# ##
#.#.#.#.#
#.#######.
#.#####.#
#......###
#.# #.#
#.####.###
#.# #.#
#.# #.#..
#.#####.#
#.# #.###
#.......#
#.# #.###
#########
#.# #.##.


There were no monsters in sight!

Vanquished Creatures
  A dart slug (D:2)
  3 ball pythons
  A bat (D:1)
  2 giant cockroaches
  3 goblins
  3 hobgoblins
  2 kobolds (D:1)
  2 quokkas (D:1)
  4 frilled lizards
  6 rats
27 creatures vanquished.

Notes
Turn   | Place    | Note
-------+----------+-------------------------------------------
     0 | D:1      | Dadi the Demonspawn Berserker began the quest for the Orb.
     0 | D:1      | Reached XP level 1. HP: 18/18 MP: 1/1
   287 | D:1      | Gained mutation: You are partially covered in yellow
                  | scales. (AC +2) [demonic ancestry]
   287 | D:1      | Reached XP level 2. HP: 24/24 MP: 2/2
   882 | D:2      | Reached skill level 4 in Fighting
   955 | D:2      | Gained mutation: You regenerate magic rapidly. [demonic
                  | ancestry]
   955 | D:2      | Reached XP level 3. HP: 26/30 MP: 3/3
  1023 | D:$      | Got out of the dungeon alive.

Illustrated notes

Levels and vault maps discovered:
D:1:      psy_arrival_basics, layout_loops_ring, serial_aquarium,
          aquarium_bridge_straight [aquarium_subvault_bridge,
          aquarium_subvault_balcony, aquarium_subvault_bridge,
          aquarium_subvault_window], aquarium_window_fake, aquarium_window_1,
          aquarium_window_1, aquarium_window_1, aquarium_view_2f,
          aquarium_view_2b, aquarium_balcony_1b
D:2:      layout_basic, ebering_ecumenical_altar_webs

Skill      XL: |  1  2 |
---------------+-------+-----
Fighting       | 4 |  4.2
Maces & Flails | |  2.6
Armour         | |  1.7
Dodging        | |  1.7

Action                     || total
---------------------------++-------
  Melee: Mace              ||    84
         Punch             ||     1
   Stab: Sleeping          ||     2
         Distracted        ||     1
 Armour: Animal skin       ||    60
  Dodge: Dodged            ||    69
